 Dungeon Crawl Stone Soup version 0.13.0 (console) character file.

141 Illaniel the Charmwright (level 3, -6/23 HPs)
             Began as a High Elf Skald on Oct 11, 2013.
             Killed from afar by Ijyb (10 damage)
             ... with a wand of flame
             ... on Level 2 of the Dungeon.
             The game lasted 00:05:01 (949 turns).

Illaniel the Charmwright (High Elf Skald)            Turns: 949, Time: 00:05:02

HP  -6/23        AC  3     Str 11      XL: 3   Next:  1%
MP   5/8         EV 10     Int 17      God:
Gold 112         SH  0     Dex 11 (14) Spells:  3 memorised,  2 levels left

Res.Fire  : . . .   See Invis. : .   a - +0 elf falchion
Res.Cold  : . . .   Warding    : .   b - +0 elf leather armour
Life Prot.: . . .   Conserve   : .   (no shield)
Res.Poison: .       Res.Corr.  : .   (no helmet)
Res.Elec. : .       Clarity    : .   (no cloak)
Sust.Abil.: . .     Spirit.Shd : .   (no gloves)
Res.Mut.  : .       Rnd.Telep. : +   (no boots)
Res.Rott. : .       Flight     : .   (no amulet)
Saprovore : . . .                    (no ring)
                                     i - cursed ring of teleportation

@: slightly resistant to hostile enchantments, very unstealthy
A: no striking features
a: Evoke Teleportation


You were on level 2 of the Dungeon.
You were not hungry.

You visited 1 branch of the dungeon, and saw 2 of its levels.

You collected 92 gold pieces.

Inventory:

Hand weapons
 a - a +0,+0 elven falchion (weapon)
Armour
 b - a +0 elven leather armour (worn)
Comestibles
 d - 3 bread rations
 l - 2 meat rations
 o - a rotting chunk of bat flesh
 t - a chunk of bat flesh
Scrolls
 e - a scroll of curse jewellery
 g - a scroll of magic mapping {unknown}
 j - a scroll of recharging
 k - a scroll of remove curse {unknown}
 m - 2 scrolls of fog
 n - a scroll of amnesia {unknown}
 s - a scroll of noise {unknown}
Jewellery
 i - a cursed ring of teleportation (left hand)
Potions
 p - a potion of flight {unknown}
 q - a potion of brilliance {unknown}
Books
 c - a book of Battle

   Spells                             Type                      Level
   *Infusion                          Charms                       1
   *Shroud of Golubria                Charms/Translocation         2
   *Song of Slaying                   Charms                       2
   Spectral Weapon                    Hexes/Charms                 3
   Regeneration                       Charms/Necromancy            3
   Song of Shielding                  Charms                       4


   Skills:
 * Level 2.4 Fighting
 * Level 2.6 Long Blades
 * Level 1.1 Armour
 * Level 1.4 Dodging
 * Level 2.6 Spellcasting
 + Level 4.1 Charms


You had 2 spell levels left.
You knew the following spells:

 Your Spells              Type           Power        Failure   Level  Hunger
a - Infusion              Chrm           ###...       3%          1    #......
b - Song of Slaying       Chrm           ###.......   6%          2    ##.....
h - Shroud of Golubria    Chrm/Tloc      #.........   14%         2    ##.....


Dungeon Overview and Level Annotations

Branches:
Dungeon (2/27)

Altars:

Annotations:
D:2 Ijyb


Message History

Casting: Infusion
Confirm with . or Enter, or press ? or * to list all spells.
Your attacks are magically infused for longer.
You barely miss Ijyb. Ijyb hits you but does no damage.
Ijyb zaps a wand.
The puff of flame misses you.
You closely miss Ijyb.
Ijyb zaps a wand.
The puff of flame hits you!
You hit Ijyb.
Ijyb is lightly wounded.
Ijyb zaps a wand.
The puff of flame hits you!
* * * LOW HITPOINT WARNING * * *
Drink which item? (? for menu, Esc to quit)
You feel refreshed.
It was a potion of restore abilities.
Ijyb hits you but does no damage.
Drink which item? (? for menu, Esc to quit)
There was something very wrong with that liquid!
You feel clumsy.
It was a potion of degeneration.
Ijyb zaps a wand.
The puff of flame hits you!
One of your 2 scrolls of recharging catches fire!
Your scroll labeled PNYSARO SMEIRE catches fire!
You die... ▒ ▒∙▒ ▒∙∙∙▒ ▒ ▒∙▒ ▒∙▒▒▒ ▒ ▒∙▒ ▒∙▒ ▒ ▒∙▒ ▒∙▒ ▒▒▒▒▒▒∙▒▒▒▒▒▒▒ ▒∙▒ ∙∙∙∙∙∙∙∙∙∙∙∙∙∙∙

▒∙▒
▒▒▒▒▒▒∙▒▒▒▒▒▒▒
▒∙▒ ▒∙∙▒ ▒∙▒
▒▒∙▒ ▒ ▒∙▒ ▒∙▒
▒∙▒▒∙▒ ▒∙▒
▒∙g@∙▒ ▒∙▒
▒∙∙∙∙▒ ▒∙▒
▒∙∙∙∙<∙∙▒ ▒∙▒
▒∙∙∙∙∙∙∙▒ ▒∙▒
▒∙∙∙∙∙∙∙▒ ▒∙▒
▒▒▒∙∙∙∙▒▒ ▒∙▒
▒∙∙∙∙▒ ▒∙▒
▒▒∙▒∙▒ ▒∙▒ $ ∙
▒▒∙▒▒
▒▒▒▒▒▒∙∙∙▒▒▒▒▒∙∙


You could see Ijyb.

Vanquished Creatures
  A giant gecko (D:1)
  4 bats
  3 giant cockroaches
  5 goblins
  2 hobgoblins (D:1)
  3 jackals (D:1)
  3 kobolds (D:2)
  A giant newt (D:2)
  3 rats
25 creatures vanquished.

Notes
Turn   | Place    | Note
--------------------------------------------------------------
     0 | D:1      | Illaniel, the High Elf Skald, began the quest for the Orb.
     0 | D:1      | Reached XP level 1. HP: 13/13 MP: 4/4
   223 | D:1      | Reached skill level 4 in Charms
   239 | D:1      | Reached XP level 2. HP: 8/18 MP: 0/6
   243 | D:1      | Learned a level 2 spell: Song of Slaying
   246 | D:1      | Learned a level 2 spell: Shroud of Golubria
   311 | D:1      | Reached skill level 1 in Armour
   931 | D:2      | Reached XP level 3. HP: 14/23 MP: 5/8
   943 | D:2      | Noticed Ijyb
   949 | D:2      | Killed from afar by Ijyb

Action                   || total
-------------------------++-------
Melee: Falchion          ||    63
 Cast: Infusion          ||    12
       Song of Slaying   ||     1
  Use: Scroll            ||     3
       Potion            ||     2
